 Dungeon Crawl Stone Soup version 0.28-a0-998-gb9e9c7b67e (webtiles) character file.

Game seed: 8547692076234875927

6 ytrimaz the Insei (level 1, -2/13 HPs)
             Began as an Octopode Transmuter on Dec 5, 2021.
             Killed from afar by a dart slug (4 damage)
             ... with a slug dart
             ... on level 1 of the Dungeon.
             The game lasted 00:00:12 (35 turns).

ytrimaz the Insei (Octopode Transmuter)               Turns: 35, Time: 00:00:12

Health: -2/13      AC:  1    Str:  9    XL:     1   Next: 90%
Magic:  3/3        EV: 13    Int: 15    God:
Gold:   8          SH:  0    Dex: 12    Spells: 3/4 levels left

rFire   . . .      SeeInvis .     - Unarmed
rCold   . . .      Faith    .   (no shield)
rNeg    . . .      Spirit   .   (helmet restricted)
rPois   .          Reflect  .   (no amulet)
rElec   .          Harm     .   (no ring)
rCorr   .          Rampage  .   (no ring)
Will    .....                   (no ring)
Stlth   ++........              (no ring)
HPRegen 0.04/turn               (no ring)
MPRegen 0.08/turn               (no ring)
                                (no ring)
                                (no ring)

@: no status effects
A: almost no armour, amphibious, 8 rings, camouflage 1, gelatinous body 1,
(nimble swimmer 1), tentacles
a: no special abilities


You were on level 1 of the Dungeon.
You visited 1 branch of the dungeon, and saw 1 of its levels.

You collected 8 gold pieces.

Inventory:

Scrolls
 a - a scroll of summoning {unknown}


   Skills:
 * Level 1.1 Fighting
 - Level 2.0 Dodging
 + Level 3.2 Unarmed Combat
 + Level 2.0 Spellcasting
 + Level 2.0 Transmutations


You had 3 spell levels left.
You knew the following spells:

 Your Spells              Type           Power      Damage    Failure   Level
a - Beastly Appendage     Tmut           14%        N/A       10%         1

Your spell library contained the following spells:

 Spells                   Type           Power      Damage    Failure   Level
 Wereblood                Tmut           7%         N/A       14%         2
 Spider Form              Tmut/Pois      4%         N/A       41%         3
 Ice Form                 Ice/Tmut       4%         N/A       82%         4


Dungeon Overview and Level Annotations

Branches:
Dungeon (1/15)

Altars:


Innate Abilities, Weirdness & Mutations

You cannot wear most types of armour.
You are amphibious.
You can wear up to eight rings at the same time.
Your skin changes colour to match your surroundings (Stealth+).
Your rubbery body absorbs attacks. (AC +1, EV +1)
((You are camouflaged near water. (Stealth+)))
You have tentacles for arms and can constrict up to eight enemies at once.


Message History

You hear a shout!
The hobgoblin hits you.
You tentacle-slap the hobgoblin. You grab the hobgoblin.
You pierce the hobgoblin.
You kill the hobgoblin!
A goblin comes into view. It is wielding a +0 dagger.
You tentacle-slap the goblin.
You kill the goblin!
Your tentacle spike disappears.
You closely miss the frilled lizard. Your grab misses the frilled lizard.
The frilled lizard bites you.
You completely miss the frilled lizard. You grab the frilled lizard.
You constrict the frilled lizard. The frilled lizard barely misses you.
You tentacle-slap the frilled lizard.
You kill the frilled lizard!
You see here a +0 dagger.
The goblin barely misses you.
There is a stone staircase leading down here.
You tentacle-slap the goblin.
You kill the goblin!
A jackal comes into view.
The jackal barks!
You hear a shout! x2; You hear an angry hiss.
An endoplasm comes into view.
You hear a shout!
Things that are here:
a +0 dagger; a goblin corpse; a hobgoblin corpse
There are monsters nearby!
There are monsters nearby!
A ball python and 2 goblins come into view.
A goblin is wielding a +0 long sword and quivering poisoned darts.
Found 12 sling bullets.
The goblin shouts!
The ball python hisses angrily.
The endoplasm quivers.
The jackal bites you. x2
A goblin and a dart slug come into view.
The jackal bites you.
* * * LOW HITPOINT WARNING * * *
The dart slug launches a dart at you. The slug dart hits you.
You die...

...... .. ...... .....
#...... ##.#.#.###
..S.... #.. ......
....... ## #.####...#
......w ≈##
#.##....####.......
P≈####....##....@.......
8P≈#....#####...h..J....
P.##...#...)>).#......g.
.......#.#####.##g...(..
P.##...#.# #.# ..hg...
8P≈#.....# #.# .......
P≈##....## ..# .......
≈##...### ### .......
##.##.# ....


You could see a dart slug, an endoplasm, 2 jackals, 3 goblins and a ball python.

Vanquished Creatures
  A giant cockroach (D:1)
  2 goblins (D:1)
  A hobgoblin (D:1)
  A frilled lizard (D:1)
5 creatures vanquished.

Notes
Turn   | Place    | Note
-------+----------+-------------------------------------------
     0 | D:1      | ytrimaz the Octopode Transmuter began the quest for the
                  | Orb.
     0 | D:1      | Reached XP level 1. HP: 13/13 MP: 3/3
    35 | D:1      | Killed from afar by a dart slug

Illustrated notes

Levels and vault maps discovered:
D:1:      ldierk_walled_garden_2, layout_rooms

Action                   || total
-------------------------++-------
Melee: Unarmed           ||     9
       Constrict         ||     3
       Kick              ||     3
       Tentacles         ||     1
 Cast: Beastly Appendage ||     1
Dodge: Dodged            ||     6

Table legend: (Time is in decaauts)
 A = Elapsed time spent in this place.
 B = Non-inter-level travel time spent in this place.
 C = Inter-level travel time spent in this place.
 D = Time resting spent in this place.
 E = Time spent auto-exploring this place.
 F = Levels seen in this place.
 G = Mean time per level.
                   A        B        C        D        E       F      G
               +--------+--------+--------+--------+--------+-----+--------+
         Total |     34 |     34 |      0 |      0 |      3 |   1 |   34.0 |
       Dungeon |     34 |     34 |      0 |      0 |      3 |   1 |   34.0 |
               +--------+--------+--------+--------+--------+-----+--------+

Top non-repeatable levels by time:
     D:1: 34 daAuts
